 Dungeon Crawl Stone Soup version 0.28.0-53-g5a82cb258f (webtiles) character file.

Game seed: 16222322481820242830

35600 DildoBatman the Geomancer (level 14, -5/102 (105) HPs)
             Began as a Formicid Conjurer on July 7, 2022.
             Was an Initiate of Gozag.
             Hit by a silver javelin thrown by a minotaur (27 damage)
             ... on level 2 of the Lair of Beasts on July 8, 2022.
             The game lasted 01:21:00 (18415 turns).

DildoBatman the Geomancer (Formicid Conjurer)      Turns: 18415, Time: 01:21:00

HP:   -5/102 (105)  AC: 12    Str: 12    XL:     14   Next: 19%
MP:   0/22          EV: 15    Int: 19    God:    Gozag
Gold: 1273          SH:  0    Dex: 19    Spells: 4/27 levels left

rFire   + . .      SeeInvis +   a - +8 frozen axe "Frostbite" {freezing cloud, *Noise Fly rC+}
rCold   + + .      Faith    .   (no shield)
rNeg    . . .      Spirit   .   U - +2 robe {rC+ rF+}
rPois   .          Reflect  .   (helmet unavailable)
rElec   .          Harm     .   y - +1 cloak {rCorr}
rCorr   +          Rampage  +   (no gloves)
Will    +....                   E - +0 pair of boots {rampage}
Stlth   ++........              m - amulet of magic regeneration
HPRegen 0.27/turn               L - +6 ring of dexterity
MPRegen 0.58/turn               s - +4 ring of protection

@: gold aura, flying, lightly drained
A: permanent stasis, dig shafts and tunnels, antennae 3, four strong arms,
hooves 1, low MP 1
a: Dig, Shaft Self, Renounce Religion, Potion Petition, Call Merchant, Bribe
Branch


You were on level 2 of the Lair of Beasts.
You worshipped Gozag.
Gozag was most pleased with you.
You visited 4 branches of the dungeon, and saw 16 of its levels.
You also visited: Volcano.

You collected 2243 gold pieces.
You spent 385 gold pieces at shops.
You paid 585 gold pieces to Gozag.

Inventory:

Hand Weapons
 a - the +8 frozen axe "Frostbite" (weapon) {freezing cloud, *Noise Fly rC+}
   (You found it on level 10 of the Dungeon)

   It freezes those it strikes, dealing additional cold damage.
   It can also slow down cold-blooded creatures.
   It occasionally leaves clouds of freezing vapour upon striking a foe.
   It grants immunity to clouds of freezing vapour.
   rC:        It protects you from cold.
   Fly:       It grants you flight.
   *Noise:    It may make noises in combat.
 b - the +4 rapier of Weatim {freeze, Int+4}
   (You bought it in a shop on level 9 of the Dungeon)

   It freezes those it strikes, dealing additional cold damage.
   It can also slow down cold-blooded creatures.
   Int:       It affects your intelligence (+4).
 e - the +8 short sword "Mounu Xaig" {freeze, rC- Dex+9}
   (You found it on level 2 of the Lair of Beasts)

   It freezes those it strikes, dealing additional cold damage.
   It can also slow down cold-blooded creatures.
   Dex:       It affects your dexterity (+9).
   rC:        It makes you vulnerable to cold.
 P - the +7 great mace of Responsibility {freeze, rElec rC++ Int-2 Stlth+}
   (You took it off a two-headed ogre on level 2 of the Orcish Mines)

   It freezes those it strikes, dealing additional cold damage.
   It can also slow down cold-blooded creatures.
   Int:       It affects your intelligence (-2).
   rC:        It greatly protects you from cold.
   rElec:     It insulates you from electricity.
   Stlth:     It makes you more stealthy.
Missiles
 c - 167 bolts
 o - 2 throwing nets
 A - 8 javelins (quivered)
 J - 72 sling bullets
 Q - 134 arrows
Armour
 y - a +1 cloak of preservation (worn)
 C - a +1 robe of willpower
 E - a +0 pair of boots of rampaging (worn)
 M - a scarf of repulsion
 U - a +2 robe of resistance (worn)
Jewellery
 l - a ring of willpower
 m - an amulet of magic regeneration (around neck)
 s - a +4 ring of protection (right hand)
 L - a +6 ring of dexterity (left hand)
 S - a +4 ring of evasion
 T - a ring of poison resistance
Wands
 x - a wand of acid (5)
 V - a wand of iceblast (10)
Scrolls
 f - a scroll of holy word {unknown}
 g - 6 scrolls of enchant armour
 h - 2 scrolls of fear {unknown}
 j - 2 scrolls of amnesia {unknown}
 p - a scroll of silence {unknown}
 t - a scroll of fog {unknown}
 u - 4 scrolls of magic mapping {unknown}
 z - a scroll of identify
 H - 2 scrolls of vulnerability {unknown}
 R - 2 scrolls of noise {unknown}
 Y - a scroll of blinking {unknown}
 Z - a scroll of enchant weapon {unknown}
Potions
 k - 5 potions of curing
 n - a potion of resistance {unknown}
 r - 4 potions of brilliance
 v - 7 potions of heal wounds
 w - 2 potions of ambrosia
 B - a potion of attraction {unknown}
 D - 3 potions of might
 F - a potion of magic {unknown}
 G - a potion of lignification {unknown}
 K - a potion of invisibility
 W - a potion of cancellation {unknown}
 X - a potion of mutation


   Skills:
 * Level 8.0 Fighting
 - Level 1.0 Long Blades
 - Level 3.9(4.0) Axes
 - Level 1.0(2.6) Polearms
 * Level 8.7 Armour
 * Level 5.5 Dodging
 - Level 2.4 Stealth
 - Level 7.0 Spellcasting
 - Level 6.0 Conjurations
 - Level 12.0 Necromancy
 - Level 6.0 Air Magic
 - Level 12.0 Earth Magic
 - Level 6.0 Poison Magic


You had 4 spell levels left.
You knew the following spells:

 Your Spells              Type           Power      Damage    Failure   Level
a - Borgnjor's Vile Clut  Necr/Erth      25%        N/A       1%          5
c - Searing Ray           Conj           58%        2d6       1%          2
d - Vampiric Draining     Necr           51%        2d9       1%          3
e - Mephitic Cloud        Conj/Pois/Air  29%        N/A       2%          3
f - Magic Dart            Conj           100%       1d8       1%          1
g - Ozocubu's Armour      Ice            6%         N/A       30%         3
h - Dispel Undead         Necr           51%        3d19      1%          4
z - Sublimation of Blood  Necr           51%        N/A       1%          2

Your spell library contained the following spells:

 Spells                   Type           Power      Damage    Failure   Level
 Animate Skeleton         Necr           100%       N/A       1%          1
 Animate Dead             Necr           25%        N/A       1%          4
 Dazzling Flash           Conj/Hex       36%        N/A       9%          3
 Anguish                  Hex/Necr       14%        N/A       9%          4
 Slow                     Hex            24%        N/A       10%         1
 Summon Small Mammal      Summ           24%        N/A       10%         1
 Call Imp                 Summ           6%         N/A       16%         2
 Fulminant Prism          Conj/Hex       9%         3d7       28%         4
 Iskenderun's Mystic Bla  Conj/Tloc      18%        2d6       28%         4
 Call Canine Familiar     Summ           6%         N/A       30%         3
 Confusing Touch          Hex            6%         N/A       30%         3
 Summon Guardian Golem    Hex/Summ       6%         N/A       30%         3
 Agony                    Necr           51%        N/A       1%          5
 Death Channel            Necr           25%        N/A       11%         6
 Yara's Violent Unravell  Hex/Tmut       3%         3d4       95%         5
 Borgnjor's Revivificati  Necr           25%        N/A       99%         8
 Infestation              Necr           25%        N/A       99%         8
 Enfeeble                 Hex            3%         N/A       100%        7
 Haunt                    Necr/Summ      14%        N/A       100%        7
 Orb of Destruction       Conj           14%        9d7       100%        7
 Ozocubu's Refrigeration  Ice            3%         4d5       100%        7
 Spellforged Servitor     Conj/Summ      9%         N/A       100%        7
 Necromutation            Tmut/Necr      14%        N/A       100%        8
 Death's Door             Necr           25%        N/A       100%        9


Dungeon Overview and Level Annotations

Branches:
Dungeon (11/15)            Temple (1/1) D:5            Lair (2/6) D:9
  Swamp (0/4) Lair:2          Orc (2/2) D:9         Volcano (visited)
  Snake: Lair:2-4    Spider: Lair:2-4       Elf: Orc:2

Altars:
Ashenzari
Cheibriados
Dithmenos
Elyvilon
Fedhas
Gozag
Hepliaklqana
Kikubaaqudgha
Makhleb
Nemelex Xobeh
Okawaru
Qazlal
Ru
Sif Muna
Trog
Uskayaw
Vehumet
Wu Jian
Xom
Yredelemnul
Zin
The Shining One

Shops:
D:7 *   D:9 [((:

Annotations:
Lair:2 mk2021's ghost, journeyman HuBe
Orc:1 1 exclusion
Orc:2 Azrael


Innate Abilities, Weirdness & Mutations

You cannot be hasted, slowed, berserked, paralysed or teleported.
You can dig through walls and to a lower floor.
You have a pair of large antennae on your head. (SInv)
Your four strong arms can wield two-handed weapons with a shield.
You have large cloven feet.
Your magical capacity is low. (-10% MP)


Message History

Aim: a minotaur, wearing a +0 plate armour and quivering silver javelins (noxious fumes, severely wounded, constricted by zombie hands, chance to affect: 34%)
The ball explodes into a vile cloud!
The stinking cloud engulfs the minotaur but does no damage.
The minotaur is severely wounded.
The stinking cloud engulfs the water moccasin but does no damage.
The water moccasin is almost dead.
The zombie hands constrict the minotaur.
The minotaur is engulfed in noxious fumes.
The minotaur appears confused.
The minotaur struggles to escape constriction.
The zombie hands constrict the minotaur.
The minotaur struggles to escape constriction.
Casting: Mephitic Cloud (mildly dangerous; 2% risk of failure)
Confirm with . or Enter, or press ? or * to list all spells.
Aiming: Borgnjor's Vile Clutch (dangerous; 1% risk of failure)
Press: ? - help, Shift-Dir - straight line, f - water moccasin, p - minotaur
Aim: a water moccasin (noxious fumes, almost dead, 100% to hit)
The minotaur is unaffected.
Zombie hands grab the water moccasin.
The zombie hands constrict the water moccasin.
The zombie hands constrict the minotaur!
The zombie hands release their grip on the minotaur.
The water moccasin struggles to escape constriction.
Casting: Borgnjor's Vile Clutch (dangerous; 1% risk of failure)
Confirm with . or Enter, or press ? or * to list all spells.
You don't have enough magic to cast this spell.
The zombie hands constrict the water moccasin!
You kill the water moccasin!
The minotaur seems less confused.
Casting: Borgnjor's Vile Clutch (dangerous; 1% risk of failure)
Confirm with . or Enter, or press ? or * to list all spells.
Aiming: Borgnjor's Vile Clutch (dangerous; 1% risk of failure)
Press: ? - help, Shift-Dir - straight line, f - minotaur
Aim: a minotaur, wearing a +0 plate armour and quivering silver javelins (almost dead, 100% to hit)
Zombie hands grab the minotaur.
The zombie hands constrict the minotaur.
The minotaur throws a silver javelin.
The silver javelin pierces through you!!
You die...
Your body crumbles into a pile of gold.

'...#.$##.### ##...........#
'.S.#.!.#...### #...........##
'.#...)##.....####...........##
#.#.##..#......##[..........#.#
#.{.# #.#......##............##
#########.##...###...........#
H.........##......#.........####
##.###..#.###...............##.#
.P.####{######..@.>........##.##
......#...P#...............#...#
.........$W...HP..........<...)##
.....................<...........
.................................
.................................
.................................
..............................#..
...................>.............


You could see a minotaur (clutched) and mk2021's ghost.

Vanquished Creatures
  Gastronok (D:7)
  A yaktaur captain (D:10)
  The ghost of DildoBatman the Geomancer, a journeyman FoCj of Kikubaaqudgha (Orc:2)
  Josephine (D:10)
  A fire dragon (D:10)
  Erolcha (D:10)
  Harold (D:11)
  2 ogre magi
  8 two-headed ogres
  A catoblepas (Lair:2)
  A hell knight (Volcano)
  A skeletal warrior (D:10)
  2 bog bodies (Lair:2)
  A wizard (D:10)
  An orc knight (Orc:1)
  An orc sorcerer (Orc:1)
  2 cyclopes
  Maurice (D:10)
  4 cane toads
  2 komodo dragons
  An ice devil (D:10)
  A troll (D:10)
  A hydra zombie (Lair:2)
  Grinder (D:4)
  Prince Ribbit (D:6)
  Sigmund (D:5)
  3 black mamba zombies (Lair:2)
  40 yaks
  4 wraiths
  10 fire bats (Volcano)
  A shadow (D:11)
  2 fire elementals (Orc:2)
  A steam dragon (D:8)
  Edmund (D:4)
  4 wargs
  A swamp worm (Lair:2)
  2 acid dragons
  13 water moccasins
  3 cane toad zombies
  A hell hound (Orc:2)
  2 sky beasts
  15 orc warriors
  4 ogres
  A black bear (D:9)
  A dream sheep zombie (Lair:2)
  2 necrophages (D:6)
  2 centaurs
  A kobold brigand (D:8)
  A komodo dragon zombie (Lair:2)
  Blork the orc (D:5)
  10 bullfrogs
  2 wyvern zombies
  4 scorpions
  12 killer bees (D:8)
  7 wights (D:6)
  4 electric eels
  A howler monkey (D:4)
  6 lava snakes (Volcano)
  4 centaur zombies
  2 bullfrog zombies
  3 jellies (D:6)
  2 hounds (D:6)
  A gnoll shaman (D:8)
  15 orc priests
  2 bullfrog skeletons
  4 iguanas
  A scorpion zombie (D:5)
  Ijyb (D:3)
  Natasha (thrice) (D:4 D:2)
  17 orc wizards
  A hound skeleton (D:4)
  2 howler monkey zombies (D:5)
  11 gnolls
  4 adders
  5 shadow imps
  7 white imps
  3 ufetubi
  3 dart slugs
  57 orcs
  6 ball pythons
  9 endoplasms
  3 giant cockroaches
  10 goblins
  6 hobgoblins
  5 jackals (D:1)
  5 quokkas
  5 bats
  11 kobolds
  3 rats
413 creatures vanquished.

Vanquished Creatures (others)
  A lava snake (Volcano)
  13 fungi
  28 plants
42 creatures vanquished.

Grand Total: 455 creatures vanquished

Notes
Turn   | Place    | Note
-------+----------+-------------------------------------------
     0 | D:1      | DildoBatman the Formicid Conjurer began the quest for the
                  | Orb.
     0 | D:1      | Reached XP level 1. HP: 13/13 MP: 3/3
   321 | D:1      | Reached XP level 2. HP: 16/20 MP: 1/5
   324 | D:1      | Learned a level 2 spell: Searing Ray
   469 | D:1      | Reached skill level 1 in Armour
   486 | D:1      | Reached skill level 1 in Fighting
   487 | D:1      | Reached XP level 3. HP: 12/26 MP: 2/6
  1723 | D:2      | Reached XP level 4. HP: 32/32 MP: 0/8
  1929 | D:3      | Found a faded altar of an unknown god.
  2032 | D:3      | Reached XP level 5. HP: 31/38 MP: 6/9
  2036 | D:3      | Learned a level 3 spell: Mephitic Cloud
  2044 | D:3      | Learned a level 3 spell: Vampiric Draining
  2216 | D:3      | Noticed Ijyb
  2459 | D:3      | Found a transporter.
  2477 | D:3      | Found a transporter.
  2932 | D:4      | Reached XP level 6. HP: 18/46 MP: 2/11
  3089 | D:4      | Noticed Edmund
  3178 | D:4      | Noticed Natasha
  3191 | D:4      | Killed Natasha
  3287 | D:4      | Noticed Grinder
  3349 | D:4      | Noticed Natasha
  3622 | D:4      | Noticed an ogre
  3736 | D:5      | Entered Level 5 of the Dungeon
  3736 | D:5      | Noticed an ogre
  3741 | D:5      | Killed an ogre
  3742 | D:5      | Reached XP level 7. HP: 52/52 MP: 4/13
  3910 | D:5      | Found a staircase to the Ecumenical Temple.
  3919 | Temple   | Entered the Ecumenical Temple
  4124 | Temple   | Became a worshipper of Kikubaaqudgha
  4138 | D:5      | Reached skill level 5 in Conjurations
  4294 | D:2      | Killed Natasha
  4515 | D:2      | Noticed Natasha
  4518 | D:2      | Killed Natasha
  4789 | D:3      | Killed Ijyb
  4956 | D:4      | Reached skill level 5 in Spellcasting
  5189 | D:4      | Killed Edmund
  5190 | D:4      | Reached skill level 1 in Poison Magic
  5190 | D:4      | Reached XP level 8. HP: 22/58 MP: 3/16
  5414 | D:4      | Killed Grinder
  5415 | D:4      | Reached skill level 1 in Air Magic
  5419 | D:4      | Learned a level 3 spell: Ozocubu's Armour
  5777 | D:5      | Noticed Sigmund
  5868 | D:5      | Killed Sigmund
  5979 | D:5      | Reached XP level 9. HP: 63/63 MP: 16/18
  6074 | D:5      | Noticed Blork the orc
  6101 | D:5      | Killed Blork the orc
  6240 | D:5      | Reached skill level 1 in Long Blades
  6295 | D:5      | Reached * piety under Kikubaaqudgha
  6295 | D:5      | Received a gift from Kikubaaqudgha
  6307 | D:5      | Reached skill level 1 in Polearms
  6359 | D:5      | Reached skill level 5 in Poison Magic
  6464 | D:5      | Learned a level 2 spell: Sublimation of Blood
  7013 | D:6      | Reached skill level 5 in Air Magic
  7023 | D:6      | Noticed Prince Ribbit
  7030 | D:6      | Killed Prince Ribbit
  7149 | D:6      | Reached skill level 1 in Necromancy
  7149 | D:6      | Reached XP level 10. HP: 66/70 MP: 14/20
  7806 | D:6      | Reached ** piety under Kikubaaqudgha
  8127 | D:7      | Noticed a cyclops
  8173 | D:7      | Killed a cyclops
  8174 | D:7      | Reached skill level 5 in Necromancy
  8835 | D:8      | Found an ornate altar of the Wu Jian Council.
  9011 | D:8      | Reached *** piety under Kikubaaqudgha
  9011 | D:8      | Received a gift from Kikubaaqudgha
  9029 | D:8      | Learned a level 5 spell: Borgnjor's Vile Clutch
  9296 | D:8      | Noticed Gastronok
  9326 | D:8      | Reached skill level 1 in Earth Magic
  9815 | D:9      | Found Ycapaara's Weapon Boutique.
  9860 | D:9      | Noticed a cyclops
  9878 | D:9      | Killed a cyclops
  9879 | D:9      | Reached skill level 5 in Earth Magic
  9879 | D:9      | Reached XP level 11. HP: 68/75 MP: 14/21
  9997 | D:9      | Found a staircase to the Lair.
 10198 | D:9      | Found a staircase to the Orcish Mines.
 10198 | D:9      | Found Zimugeuw's Antique Weapon Shoppe.
 10342 | D:9      | Found Ekudwawap's Book Shoppe.
 10429 | D:9      | Reached **** piety under Kikubaaqudgha
 10719 | D:9      | Found Bounlut's Antique Armour Emporium.
 10895 | D:10     | Entered Level 10 of the Dungeon
 11464 | Orc:1    | Entered Level 1 of the Orcish Mines
 11618 | Orc:1    | Noticed an orc sorcerer
 11651 | Orc:1    | Killed an orc sorcerer
 11895 | Orc:1    | Reached ***** piety under Kikubaaqudgha
 12058 | Orc:1    | Noticed an orc knight
 12257 | Orc:1    | Killed an orc knight
 12258 | Orc:1    | Reached skill level 5 in Fighting
 12258 | Orc:1    | Reached skill level 5 in Armour
 12258 | Orc:1    | Reached XP level 12. HP: 65/86 MP: 11/22
 12525 | Orc:2    | Entered Level 2 of the Orcish Mines
 12945 | D:7      | Found Omuqubri's Serpentskin Sales.
 13358 | D:7      | Killed Gastronok
 13415 | D:9      | Bought a faintly glowing trident for 187 gold pieces
 13415 | D:9      | Identified the +7 trident of Powix {holy, rElec} (You
                  | bought it in a shop on level 9 of the Dungeon)
 13415 | D:9      | Bought a translucent rapier for 198 gold pieces
 13415 | D:9      | Identified the +4 rapier of Weatim {freeze, Int+4} (You
                  | bought it in a shop on level 9 of the Dungeon)
 13457 | D:10     | Reached skill level 10 in Earth Magic
 13546 | D:10     | Reached skill level 10 in Necromancy
 13595 | D:10     | Learned a level 4 spell: Dispel Undead
 13622 | D:10     | Noticed Erolcha
 13635 | D:10     | Killed Erolcha
 13768 | D:10     | Noticed Maurice
 13784 | D:10     | Killed Maurice
 13816 | D:10     | Noticed a skeletal warrior
 13816 | D:10     | Noticed an ogre mage
 13841 | D:10     | Killed a skeletal warrior
 13979 | D:10     | Noticed Josephine
 13991 | D:10     | Killed Josephine
 14054 | D:10     | Found the +8 frozen axe "Frostbite" {freezing cloud, *Noise
                  | Fly rC+}
 14172 | D:10     | Killed an ogre mage
 14173 | D:10     | Reached skill level 1 in Axes
 14201 | D:10     | Noticed a yaktaur captain
 14231 | D:10     | Killed a yaktaur captain
 14353 | D:10     | Noticed a fire dragon
 14358 | D:10     | Killed a fire dragon
 14359 | D:10     | Reached XP level 13. HP: 28/91 MP: 12/23
 14675 | Orc:2    | Found a transporter.
 14676 | Orc:2    | Noticed DildoBatman's ghost (journeyman FoCj)
 14678 | Orc:2    | Found a transporter.
 14678 | Orc:2    | Identified the +7 great mace of Responsibility {freeze,
                  | rElec rC++ Int-2 Stlth+}
 14807 | Orc:2    | Noticed Azrael
 14992 | Orc:2    | Killed DildoBatman's ghost
 15357 | Orc:2    | HP: 1/71 [Azrael/damnation (55)]
 15588 | D:11     | Noticed Harold
 15603 | D:11     | Killed Harold
 15760 | D:11     | Found an ornate altar of the Wu Jian Council.
 15780 | D:11     | Reached ****** piety under Kikubaaqudgha
 15781 | D:11     | Received a gift from Kikubaaqudgha
 15877 | D:10     | Fell from the grace of Kikubaaqudgha
 15998 | Temple   | Became a worshipper of Gozag Ym Sagoz the Greedy
 16110 | D:9      | Gained mutation: You have very sharp teeth. [potion of
                  | mutation]
 16111 | D:9      | Lost mutation: You have very sharp teeth. [potion of
                  | mutation]
 16111 | D:9      | Gained mutation: Your magical capacity is low. (-10% MP)
                  | [potion of mutation]
 16111 | D:9      | Gained mutation: You have large cloven feet. [potion of
                  | mutation]
 16117 | Lair:1   | Entered Level 1 of the Lair of Beasts
 16173 | Lair:1   | Found a dark tunnel.
 16244 | Volcano  | Entered a volcano
 16554 | Volcano  | Noticed an ogre mage
 16579 | Volcano  | Killed an ogre mage
 16666 | Volcano  | Found a burning altar of Makhleb.
 16915 | Lair:1   | Reached XP level 14. HP: 103/103 MP: 12/22
 17233 | Lair:1   | Reached skill level 5 in Dodging
 17442 | Lair:2   | Found a staircase to the Swamp.
 17537 | Lair:2   | Noticed mk2021's ghost (journeyman HuBe)
 17929 | Lair:2   | Identified the +8 short sword "Mounu Xaig" {freeze, rC-
                  | Dex+9}
 18071 | Lair:2   | Noticed a minotaur
 18123 | Lair:2   | Found a runed translucent gate.
 18123 | Lair:2   | Found a runed translucent gate.
 18123 | Lair:2   | Found a runed translucent gate.
 18415 | Lair:2   | Hit by a silver javelin thrown by a minotaur

Illustrated notes

Levels and vault maps discovered:
D:1:      matt_arrival_los_fun, layout_basic, minmay_hexomino_u4
D:2:      layout_basic
D:3:      gammafunk_wand_slinger, layout_basic,
          hellmonk_ecumenical_altar_lost_god, uniq_ijyb
D:4:      kennysheep_big_flooded_room, layout_loops_ring, uniq_grinder,
          uniq_natasha, uniq_edmund
D:5:      layout_gridville, minmay_temple_entry_mini_moons, uniq_sigmund,
          uniq_blork_the_orc
D:6:      wad_lake_hut, layout_layer_cave, chequers_serial_rivers_micro_e,
          nicolae_fountain_basement, uniq_prince_ribbit1
D:7:      layout_layer_cave, guppyfry_shop_venom
D:8:      layout_gridville, mainiacjoe_overflow_concentric_impassable,
          uniq_gastronok
D:9:      layout_loops_corners, grunt_lair_entry_orc_guard_hut, orc_0_dummy,
          serial_shops, nicolae_stop_n_shop_2, shop_statue, shop,
          nicolae_shop_statue_plus
D:10:     minmay_shrinking_squares, layout_cave_pools,
          hangedman_abyss_or_decor_clamps, hellmonk_guarded_unrand_frostbite,
          uniq_josephine, uniq_maurice, uniq_erolcha
D:11:     layout_irregular_city, kennysheep_diamond, st_stairs_7, uniq_psyche,
          uniq_harold
Temple:   minmay_crystal_snake_temple
Lair:1:   layout_regular_city, nicolae_volcano_entry_lava_flow, minivault_23,
          serial_bayou_shore_a
Lair:2:   layout_hall_layers, nicolae_swamp_entry_splash_gauntlet,
          maelrawn_ghost_gauntlet_escape, minmay_holes,
          chequers_serial_rivers_large_a
Orc:1:    layout_diamond_mine, minmay_orc_keep
Orc:2:    st_orc_congregation, layout_caves, gammafunk_ghost_smash,
          serial_shops, shop, nicolae_orc_lost_temple, uniq_nessos, uniq_azrael

Skill      XL: |  1  2  3  4  5  6  7  8  9 10 11 12 13 14 |
---------------+-------------------------------------------+-----
Dodging        | 2 4 5 |  5.5
Armour         | 1 2 3 5 6 8 |  8.7
Fighting       | 1 2 3 5 7 8 |  8.0
Conjurations   | 4 5 6 |  6.0
Spellcasting   | 3 4 5 6 7 |  7.0
Poison Magic   | 1 4 6 |  6.0
Air Magic      | 2 5 6 |  6.0
Long Blades    | 1 |  1.0
Polearms       | 1 |  1.0
Necromancy     | 1 7 9 11 12 | 12.0
Earth Magic    | 5 9 11 12 | 12.0
Axes           | 2 3 |  3.9
Stealth        | |  2.4

Action                   |  1- 3 |  4- 6 |  7- 9 | 10-12 | 13-15 || total
-------------------------+-------+-------+-------+-------+-------++-------
Melee: Dagger            |    36 |       |       |       |       ||    36
       Unarmed           |     5 |       |       |       |       ||     5
       Staff             |    18 |    52 |     9 |    11 |       ||    90
       Short sword       |     8 |       |       |       |       ||     8
       Falchion          |       |       |    59 |       |       ||    59
       Flail             |       |       |    24 |       |       ||    24
       Punch             |       |       |     3 |     7 |     3 ||    13
       Trident           |       |       |    44 |   332 |       ||   376
       Rapier            |       |       |       |    29 |       ||    29
       Executioner's axe |       |       |       |     6 |    63 ||    69
       Kick              |       |       |       |       |     3 ||     3
 Cast: Magic Dart        |    35 |    31 |    28 |     6 |       ||   100
       Searing Ray       |     4 |    12 |    42 |    14 |     3 ||    75
       Mephitic Cloud    |       |       |    25 |    92 |    23 ||   140
       Vampiric Draining |       |       |       |    18 |    27 ||    45
       Borgnjor's Vile C |       |       |       |    42 |    81 ||   123
       Sublimation of Bl |       |       |       |     8 |       ||     8
       Dispel Undead     |       |       |       |    10 |     9 ||    19
       Ozocubu's Armour  |       |       |       |     1 |     1 ||     2
Invok: Receive Forbidden |       |       |       |       |     1 ||     1
       Renounce Religion |       |       |       |       |     1 ||     1
 Abil: Dig               |       |       |     2 |     3 |     4 ||     9
  Use: Scroll            |       |       |       |       |     9 ||     9
       Potion            |       |       |       |       |     2 ||     2
 Stab: Sleeping          |       |     1 |     1 |     1 |       ||     3
       Confused          |       |       |    15 |    49 |     2 ||    66
       Distracted        |       |       |       |     1 |       ||     1
Armor: Robe              |     6 |       |       |       |    39 ||    45
       Leather armour    |    13 |    15 |    47 |    16 |       ||    91
       Steam dragon scal |       |       |       |    49 |       ||    49
Dodge: Dodged            |    67 |    36 |    98 |   187 |   104 ||   492
       Repelled          |       |       |       |     4 |       ||     4
